[Event "*** Titled Tuesday Blitz"]
[Site "Chess.com"]
[Date "2020.10.20"]
[Round "2"]
[White "ChessWarrior7197"]
[Black "Volodar_Murzin"]
[Result "1-0"]
[WhiteElo "3012"]
[BlackElo "2612"]
[TimeControl "180+1"]
[EndTime "10:19:35 PDT"]
[Termination "ChessWarrior7197 won by resignation"]

1. e4 c5 2. c3 d6 3. d4 Nf6 4. Bd3 Nc6 5. Ne2 cxd4 6. cxd4 Bd7 7. Nbc3 e5 8. O-O g6 9. dxe5 dxe5 10. Bg5 Be7 11. Qd2 h6 12. Bh4 Kf8 13. Rad1 Be6 14. f4 exf4 15. Nxf4 Bg4 16. Rde1 g5 17. e5 Nxe5 18.
Rxe5 Qd4+ 19. Qe3 Qxe3+ 20. Rxe3 gxh4 21. Kh1 Bc5 22. Ree1 Kg7 23. h3 Bd7 24. Ne4 Nxe4 25. Nh5+ Kf8 26. Bxe4 Re8 27. Nf6 Re7 28. Bxb7 Rxe1 29.
Nxd7+ Ke7 30. Rxe1+ Kxd7 31. Bd5 Rb8 32. b3 f6 33. Re4 Kc7 34. Rxh4 Rd8 35. Bf3 Be3 36. Rc4+ Kb8 37. Re4 Bg5 38. h4 Bc1 39. Kh2 Rd2 40. Re6 Rxa2 41. Rxf6 Rb2 42. Bd5 Kc7 43. Kh3 Rc2 44. g3 Rc3 45. Bc4 Bd2 46. Rg6 Be1 47. Kg2 Bd2 48. Re6 a5 49. Re7+ Kd6 50. Re8 a4 51.
Rd8+ Kc5 52. Rxd2 axb3 53. Bxb3 Rxb3 54. Kh3 Kc4 55. Kg4 Rb6 56. Kh5 Re6 57. g4 Kc5 58.
Rd8 Re5+ 59. Kxh6 Re6+ 60. Kh5 Re5+ 61. g5 Re6 62. g6 Re5+ 63. Kh6 Re6 64. Kh7 Re5 65. g7 Re6 66. g8=Q Re7+ 67. Kg6 1-0

[Event "*** Titled Tuesday Blitz"]
[Site "Chess.com"]
[Date "2020.10.20"]
[Round "2"]
[White "Synctel"]
[Black "Trickov"]
[Result "1-0"]
[WhiteElo "2000"]
[BlackElo "2347"]
[TimeControl "180+1"]
[EndTime "10:19:35 PDT"]
[Termination "Synctel won on time"]

1. e4 c5 2. Ne2 d6 3. g3 Nf6 4.
Bg2 g6 5. O-O Bg7 6. c3 c4 7. b3 cxb3 8. axb3 O-O 9. d4 Nc6 10.
h3 e5 11. Be3 a6 12. c4 Re8 13. Nbc3 Bd7 14. dxe5 dxe5 15. Nd5 Be6 16. Bb6 Qd7 17.
Nc7 Bxh3 18. Nxe8 Rxe8 19. Qxd7 Bxd7 20. Nc3 Nd4 21. Rab1 Bg4 22. f3 Bd7 23. Rfd1 Bc6 24. Bxd4 exd4 25. Rxd4 Nxe4 26. Rxe4 Bxe4 27. Nxe4 f5 28.
Nd6 Re7 29. Rd1 b6 30. Nc8 Re3 31. Rb1 Bd4 32. Kf1 a5 33. Na7 Bc5 34. Nc6 g5 35.
f4 Rxg3 36. Bd5+ Kg7 37. Re1 gxf4 38. Re8 f3 39. Rg8+ Kf6 40. Rxg3 h5 41. Rxf3 Kg5 42. Kg2 h4 43. Rh3 Kg4 44. Rd3 f4 45. Be6+ Kg5 46. Bh3 Kf6 47. Rd5 Kf7 48. Kf3 Be3 49. Kg4 Kf6 50. Kxh4 f3 51. Kg4 f2 52. Kf3 Bc5 53.
Bf1 Ke6 54. Rd2 Kf5 55. Nd8 Ke5 56. Nb7 Bb4 57. Rxf2 Kd4 58. Re2 Kc3 59. Re3+ Kd4 60. Rd3+ Ke5 61. Nd8 Bc5 62. Nc6+ Kf5 63. Bh3+ Kf6 64.
Rd5 Kf7 65. Ke4 Ke8 66. Kf5 Kf7 67. Nd8+ Ke8 68. Ne6 Bb4 69. Nf4 Ke7 70. Re5+ Kd6 71. Rd5+ Kc6 72. Ng6 b5 73. Ke6 bxc4 74. bxc4 a4 75.
Ne7+ Kc7 76. Rb5 1-0

[Event "*** Titled Tuesday Blitz"]
[Site "Chess.com"]
[Date "2020.10.20"]
[Round "2"]
[White "LawrenceTrent"]
[Black "GMKrikor"]
[Result "1-0"]
[WhiteElo "2531"]
[BlackElo "2796"]
[TimeControl "180+1"]
[EndTime "10:19:40 PDT"]
[Termination "LawrenceTrent won on time"]

1. e4 c5 2. Nc3 e6 3. Nf3 a6 4. d4 cxd4 5. Nxd4 b5 6. Bd3 Bb7 7. O-O Nc6 8. Nxc6 Bxc6 9. Qe2 Bc5 10. Be3 Qb6 11. Bxc5 Qxc5 12. Rae1 Ne7 13. Qe3 Qxe3 14.
Rxe3 O-O 15. Ne2 Rfc8 16. Nd4 Bb7 17. f4 d6 18. c3 Rc7 19. Rh3 g6 20. g4 Rd8 21.
Nf3 Kg7 22. Ng5 Rh8 23. f5 exf5 24. exf5 gxf5 25. gxf5 Nd5 26. Rg3 Kf8 27. f6 h6 28.
Ne4 Rd7 29. Bc2 Nc7 30. Rd1 Bxe4 31. Bxe4 d5 32. Rgd3 Rd6 33. Bxd5 Rxf6 34. Bg2 Ne6 35. Rd6 Rg8 36. R1d2 Rgg6 37. Rxa6 Rf5 38. Ra8+ Kg7 39. Rb8 Nf4 40. h4 Rg4 41. Kh2 Rxh4+ 42. Kg3 Ng6 43.
Rd4 Rg5+ 44. Kf3 Rxd4 45. cxd4 Nh4+ 46. Ke4 Nxg2 47. b3 h5 48. d5 Rg4+ 49. Ke5 Nf4 50. d6 Ng6+ 51. Kd5 Nf8 52. Kc6 Rd4 53. Rxb5 Kg6 54. Rb8 Kg7 55. Rb5 h4 56. Rh5 Kg6 57.
Rh8 Kg7 58. Rh5 f6 59. a4 Ng6 60. a5 Ne5+ 61. Kc7 Rd1 62. a6 Rc1+ 63. Kb7 Rd1 64. a7 Ra1 65. a8=Q Rxa8 66. Kxa8 Ng6 67. d7 1-0

[Event "*** Titled Tuesday Blitz"]
[Site "Chess.com"]
[Date "2020.10.20"]
[Round "2"]
[White "RobPeresian"]
[Black "pavelalexandru07"]
[Result "1/2-1/2"]
[WhiteElo "2444"]
[BlackElo "2268"]
[TimeControl "180+1"]
[EndTime "10:19:40 PDT"]
[Termination "Game drawn by repetition"]

1. Nf3 c5 2. c4 Nf6 3. Nc3 a6 4.
g3 Nc6 5. Bg2 d5 6. cxd5 Nxd5 7.
O-O Nc7 8. b3 e5 9. Bb2 Be7 10.
Rc1 f6 11. d3 O-O 12. e3 Bg4 13. Qe2 Qd7 14. Rfd1 Rfe8 15. Ne4 Ne6 16. h3 Bh5 17. g4 Bg6 18. Nh4 Bf7 19. Nf5 Bf8 20.
d4 exd4 21. exd4 Nexd4 22. Nxd4 cxd4 23. Qf3 Rad8 24. Nc5 Bxc5 25. Rxc5 Qd6 26. Rc2 Bd5 27. Qxd5+ Qxd5 28. Bxd5+ Rxd5 29. Rcd2 Red8 30. f4 Kf7 31.
Kf2 d3 32. Ke3 Nb4 33. a3 Nc2+ 34. Ke4 g6 35. f5 gxf5+ 36. gxf5 Nd4 37. Rxd3 Re5+ 38.
Kf4 Rxf5+ 39. Ke4 Re5+ 40. Kf4 Ne6+ 41. Kg3 Rg5+ 42. Kf3 Rf5+ 43. Ke4 Rf4+ 44. Ke3 Rxd3+ 45. Rxd3 Rh4 46. Rd7+ Kg6 47. Rxb7 Rxh3+ 48. Kd2 Nc5 49. Rb6 Nxb3+ 50. Kc2 Rf3 51. Rxb3 Rf2+ 52. Kb1 Rf1+ 53. Ka2 h5 54. Rh3 Kg5 55. Kb3 Kg4 56. Rh2 h4 57.
Bd4 h3 58. Ba7 Kg3 59. Bb8+ Kg4 60. Ka4 f5 61. Ka5 f4 62. a4 Kg3 63. Rb2 h2 64.
Rxh2 Kxh2 65. Kxa6 Kg2 66. Bxf4 Rxf4 67. a5 Rb4 68. Ka7 Kf3 69. a6 Ke4 70. Ka8 Kd5 71. a7 Ra4 72. Kb7 Rb4+ 73. Kc8 Ra4 74. Kb7 Rb4+ 75.
Kc7 Rc4+ 76. Kb7 Rb4+ 1/2-1/2

[Event "*** Titled Tuesday Blitz"]
[Site "Chess.com"]
[Date "2020.10.20"]
[Round "2"]
[White "nikitakhoroshev"]
[Black "vugarrasulov"]
[Result "1/2-1/2"]
[WhiteElo "2566"]
[BlackElo "2854"]
[TimeControl "180+1"]
[EndTime "10:19:42 PDT"]
[Termination "Game drawn by stalemate"]

1. Nf3 g6 2. d4 Bg7 3. c3 Nf6 4.
Bf4 O-O 5. h3 d6 6. Bh2 c5 7. e3 Nc6 8. Be2 Qb6 9. Qb3 Be6 10.
Qxb6 axb6 11. a3 Ne4 12. Nbd2 Nxd2 13. Nxd2 f5 14. O-O f4 15. Bf3 fxe3 16. fxe3 Bh6 17. Rae1 Ba2 18. Rf2 e5 19. dxe5 dxe5 20. Bxc6 bxc6 21.
Bxe5 Rxf2 22. Kxf2 Re8 23. Bf4 Bg7 24. Nf3 b5 25. Rd1 Bd5 26. Bd6 c4 27. Bc5 Bf6 28.
Bd4 Be7 29. Re1 Bd6 30. Rd1 h6 31. Nh4 Kh7 32. Nf3 g5 33. Rf1 Kg6 34. Nd2 c5 35. e4 cxd4 36. exd5 d3 37. Kf3 Rf8+ 38. Ke4 Rf4+ 39. Rxf4 Bxf4 40. Nf3 Kf6 41. Kd4 d2 42. Nxd2 Bxd2 43. Kc5 Bc1 44. Kxb5 Bxb2 45. a4 Bxc3 46. Kxc4 Be1 47. Kc5 Ke7 48. Kc6 Bb4 49. Kc7 h5 50. g4 h4 51. Kc6 Kd8 52. Kb5 Be1 53. Kc6 Bd2 54. Kd6 Bb4+ 55. Ke6 Kc7 56. Kf5 Bd2 57.
a5 Kd6 58. a6 Be3 59. a7 Bxa7 60. Kxg5 Bf2 61. Kh5 Kxd5 62. g5 Ke5 63. g6 Ke6 64. Kg4 Kf6 65. g7 Kxg7 66. Kf3 Bg3 67. Kg2 Kf6 68.
Kh1 Kg5 69. Kg2 Kf4 70. Kh1 Kf3 71. Kg1 Bf4 72. Kh1 Be3 73. Kh2 Kf2 74. Kh1 Bg5 75. Kh2 Bf4+ 76. Kh1 Kg3 77. Kg1 Kxh3 78. Kh1 Kg3 79.
Kg1 h3 80. Kh1 Bg5 81. Kg1 Bh4 82. Kh1 Bf6 83. Kg1 Be5 84. Kh1 Bf4 85. Kg1 Bg5 86. Kh1 Bh4 87. Kg1 Bf6 88. Kh1 Bg7 89. Kg1 Bh8 90. Kh1 Bd4 1/2-1/2

[Event "*** Titled Tuesday Blitz"]
[Site "Chess.com"]
[Date "2020.10.20"]
[Round "2"]
[White "Gloomy_Wanderer"]
[Black "kingofthenil"]
[Result "1-0"]
[WhiteElo "2718"]
[BlackElo "2458"]
[TimeControl "180+1"]
[EndTime "10:19:43 PDT"]
[Termination "Gloomy_Wanderer won by resignation"]

1. d4 Nf6 2. Nf3 c5 3. d5 e6 4. c4 exd5 5. cxd5 g6 6. Nc3 Bg7 7. Bf4 O-O 8. e3 d6 9. h3 Na6 10. Be2 Nc7 11. O-O Rb8 12. a4 a6 13. a5 b5 14.
axb6 Rxb6 15. Ra2 Bf5 16. Nd2 Nfxd5 17. Nxd5 Nxd5 18. Nc4 Nxf4 19. exf4 Rb4 20. Rxa6 d5 21. Ne3 Be6 22. f5 gxf5 23. Bd3 Qg5 24. Qf3 f4 25. h4 Qxh4 26. Nxd5 Rd4 27. Be4 Bg4 28.
Qxf4 f5 29. f3 Rxe4 30. fxe4 fxe4 31. Qxf8+ Bxf8 32. Ra8 Qh6 33. Nf6+ Kg7 34. Nxg4 Qg5 35. Rfxf8 Qd5 36. Rg8+ Kf7 37. Raf8+ Ke7 38. Re8+ Kf7 39.
Ne5+ Kf6 40. Rgf8+ Kg7 41. Rf7+ Kh6 42. Rfe7 Qd4+ 43.
Kh2 e3 44. Ng4+ Qxg4 45. Re6+ Kg7 46. Rxe3 Qd4 47. b3 Kh6 48. R8e6+ Kg7 49. R6e4 Qd6+ 50. g3 h6 51. Kg2 Qd2+ 52. Kf3 Qd5 53. Ke2 Qc6 54.
Rc4 Qb5 55. Rc3 Qe8+ 56. Kd2 Qd7+ 57. Kc2 Qf5+ 58. Kb2 Qf2+ 59. Ka3 Qe1 60. Rxc5 Qa1+ 61. Kb4 Qb2 62. Kb5 Kg6 63. b4 Qe2+ 64. Ka5 Qa2+ 65. Kb6 Qb2 66. b5 h5 67. Ka6 Qa2+ 68. Kb7 Qf7+ 69. Ka6 Qa2+ 70. Kb6 Qf7 71. Rc6+ Kg5 72. R3c4 Qe8 73. R6c5+ Kg6 74. Kb7 Qd7+ 75. Ka6 Qc8+ 76. Rxc8 1-0

[Event "*** Titled Tuesday Blitz"]
[Site "Chess.com"]
[Date "2020.10.20"]
[Round "2"]
[White "zmeeed67"]
[Black "niki_2003"]
[Result "0-1"]
[WhiteElo "2336"]
[BlackElo "1839"]
[TimeControl "180+1"]
[EndTime "10:19:43 PDT"]
[Termination "niki_2003 won on time"]

1. e4 c5 2. g3 a6 3. Bg2 b5 4.
Ne2 Bb7 5. O-O e6 6. d3 d5 7.
a4 bxa4 8. c3 Be7 9. Qxa4+ Bc6 10. Qc2 Nf6 11. Bf4 O-O 12. Nd2 Nh5 13. Be3 Bb7 14. d4 c4 15. e5 Nc6 16. g4 f5 17.
gxh5 Qe8 18. f4 Qxh5 19. Ng3 Qg6 20. Qd1 Bh4 21. Qh5 Bxg3 22. Qxg6 Bxh2+ 23. Kxh2 hxg6 24.
Nf3 Kf7 25. Ng5+ Ke7 26. Kg3 a5 27. Rh1 Rh8 28. Kf2 Rh5 29. Bf3 Rh6 30. Rag1 a4 31. Bc1 Na5 32. Rh3 Nb3 33. Be3 a3 34. bxa3 Rxa3 35.
Rgh1 Ra2+ 36. Kg3 Rxh3+ 37. Rxh3 Rc2 38. Rh7 Rxc3 39. Rxg7+ Kf8 40. Rf7+ Ke8 41. Bf2 Bc8 42. Rc7 Bd7 43. Ra7 Rd3 44. Ra8+ Ke7 45. Rg8 Nxd4 46. Bxd4 Rxd4 47. Rxg6 c3 48. Rg7+ Kd8 49. Nf7+ Kc7 50. Nd6 c2 51. Nb5+ Kc8 52. Nxd4 c1=Q 53. Ne2 Qe3 54.
Rf7 Qc1 55. Rf8+ Kc7 56. Rf7 Qe1+ 57. Kg2 Qd2 58. Kf2 d4 59. Bd5 d3 60. Bxe6 Qxe2+ 61. Kg3 Qe3+ 0-1

[Event "*** Titled Tuesday Blitz"]
[Site "Chess.com"]
[Date "2020.10.20"]
[Round "2"]
[White "Ty3oB"]
[Black "Buffy7"]
[Result "0-1"]
[WhiteElo "2218"]
[BlackElo "2651"]
[TimeControl "180+1"]
[EndTime "10:19:45 PDT"]
[Termination "Buffy7 won by resignation"]

1. e4 d6 2. d4 Nf6 3. Nc3 e5 4.
dxe5 dxe5 5. Qxd8+ Kxd8 6. Bg5 Nd7 7. f4 exf4 8. Bxf4 Bd6 9. Bxd6 cxd6 10. O-O-O Ke7 11.
Nf3 a6 12. Bc4 Ne5 13. Bd5 Rb8 14. Nd4 g6 15. Rhf1 Be6 16. h3 h5 17. Rf2 Bxd5 18.
exd5 h4 19. Rdf1 Nfd7 20. Ne4 Rbc8 21. Kb1 f5 22. Ng5 Rc5 23. Nde6 Rxd5 24. Nf4 Rc5 25. Rd1 Nf6 26. Rfd2 Rc6 27. Re2 Rg8 28. Nf3 Ne4 29.
Nxh4 Kf6 30. Nd5+ Ke6 31. Nf3 Rgc8 32. c3 g5 33. Rxe4 fxe4 34. Nxg5+ Kf5 35. h4 Kg4 36. Ne7 Kxh4 37. Nxc6 Kxg5 38. Ne7 Re8 39. Nd5 Ng4 40. Re1 e3 41. Kc2 Re5 42. c4 b5 43. b3 bxc4 44. bxc4 Nf2 45. Kc3 Ne4+ 46. Kd4 Ng3 47. Nxe3 Nf5+ 48.
Kd3 Ra5 49. Nxf5 Kxf5 50. Re2 Kf4 51. Kd4 Ra3 52. Rf2+ Kg3 53. Rb2 a5 54. Kd5 Rd3+ 55.
Kc6 a4 56. Kb5 a3 57. Rc2 Kf4 58. Kb4 Ke4 59. Rc3 Rd2 60. Rxa3 Rxg2 61. Ra8 Kd4 62. Rd8 Rb2+ 63. Ka3 Rb6 64. Rc8 Kc3 65. Ka4 Rb4+ 66. Ka5 Rxc4 67. Rd8 Rc5+ 68. Kb6 Kb4 69. Rxd6 Rb5+ 70.
Kc6 Ra5 71. Rd4+ Kc3 72. Rh4 Rxa2 73. Rh3+ Kd4 74. Rh4+ Ke5 0-1

[Event "*** Titled Tuesday Blitz"]
[Site "Chess.com"]
[Date "2020.10.20"]
[Round "2"]
[White "Chessbard1972"]
[Black "FloMasterAAK"]
[Result "0-1"]
[WhiteElo "2301"]
[BlackElo "2530"]
[TimeControl "180+1"]
[EndTime "10:19:51 PDT"]
[Termination "FloMasterAAK won on time"]

1. e4 e5 2. Nf3 Nc6 3. Bc4 Nf6 4. Ng5 d5 5. exd5 Na5 6. Bb5+ c6 7. dxc6 bxc6 8. Qf3 Be7 9. Nc3 O-O 10. O-O Rb8 11. Bd3 c5 12. Nce4 h6 13. Nxf6+ Bxf6 14. Qe4 g6 15.
Nxf7 Rxf7 16. Qxg6+ Rg7 17. Qxh6 Nc6 18. Bc4+ Kf8 19. d3 Nd4 20. c3 Nf3+ 21. Kh1 Bb7 22. Be3 Rc8 23. b4 cxb4 24. cxb4 Ke7 25. Bc5+ Rxc5 26.
bxc5 Qd4 27. Rab1 Bc6 28. Bb5 Rxg2 29. Bxc6 Rxh2+ 30. Qxh2 Nxh2 31. Kxh2 Qxc5 32. Be4 Bg5 33. Rb7+ Kd6 34. Kg2 Bh4 35. Rb2 Qc8 36. f3 Qg8+ 37. Kh1 Bg3 38. Rg2 Qh8+ 39. Kg1 Bf4 40. Kf2 Kc5 41. Ke2 Kd4 42. Rfg1 Qc8 43. Rf2 Be3 44. Kf1 Bxf2 45. Kxf2 Qc2+ 46. Kg3 Qxa2 47. Rc1 Qd2 48. Rc4+ Ke3 49. Ra4 Qf2+ 50. Kg4 Qh2 51. Kf5 Qf4+ 52.
Ke6 Kd2 53. Rxa7 Ke3 54. Ra4 Qh6+ 55. Kd5 Qg7 56. Rc4 Qd7+ 57. Kc5 Qe7+ 58. Kd5 Kf4 59. Kc6 Qe6+ 60. Kc5 Qe7+ 61. Kc6 Ke3 62. Kd5 Qd8+ 63.
Kxe5 Qe7+ 64. Kd5 Qb7+ 65. Kc5 Qa7+ 66. Kd5 Qd7+ 67. Kc5 Qd8 68. Kb4 Qb6+ 0-1

[Event "*** Titled Tuesday Blitz"]
[Site "Chess.com"]
[Date "2020.10.20"]
[Round "2"]
[White "TrimitziosP7"]
[Black "regular_legs"]
[Result "0-1"]
[WhiteElo "2761"]
[BlackElo "2521"]
[TimeControl "180+1"]
[EndTime "10:19:54 PDT"]
[Termination "regular_legs won by checkmate"]

1. e4 e5 2. Bc4 Nc6 3. Nc3 Bc5 4. d3 Nf6 5. h3 d6 6. Nge2 a6 7. f4 Na5 8. Bb3 Nxb3 9. axb3 h6 10. f5 g6 11. g4 gxf5 12. exf5 Bd7 13. Ng3 Bc6 14.
Rh2 d5 15. Qe2 Qe7 16. Bd2 O-O-O 17. O-O-O Kb8 18. Kb1 Nh7 19. h4 Nf8 20. g5 hxg5 21. hxg5 Rxh2 22. Qxh2 e4 23. Bf4 exd3 24. Rxd3 d4 25.
Nce4 Bxe4 26. Nxe4 Qxe4 27. Bxc7+ Kc8 28. Bxd8 Kxd8 29.
Qb8+ Kd7 30. Rd1 Bd6 31. Qa7 Be5 32. Ka2 Nh7 33. g6 fxg6 34. fxg6 Nf8 35. g7 Bxg7 36. Qc5 Ne6 37. Qa5 Qc6 38. Qf5 Qc5 39. Qd3 Be5 40. Rh1 Kc7 41. Qe4 Kd6 42. Qxb7 Qxc2 43. Re1 Qc5 44.
Qxa6+ Kd7 45. Qe2 Kd6 46. Kb1 Nc7 47. Rc1 Qd5 48. Qd3 Ne6 49. b4 Nf4 50. Qa6+ Ke7 51.
Qa7+ Ke6 52. Qa6+ Kf5 53. Qc8+ Qe6 54. Qc2+ d3 55. Qd2 Qb3 56. Rc5 Ke4 57. Qe1+ Ne2 58. Qd2 Bf4 59. Rc4+ Qxc4 60. Qd1 Qc1+ 61. Qxc1 Bxc1 62.
b5 Be3 63. b4 Bb6 64. Kb2 Ke3 65. Kb3 Nd4+ 66. Kc4 d2 67. Kd5 d1=Q 68. Kd6 Nxb5+ 69. Kc6 Qd4 70. Kxb5 Bd8 71. Ka6 Qxb4 72. Ka7 Bc7 73. Ka8 Qb8# 0-1

[Event "*** Titled Tuesday Blitz"]
[Site "Chess.com"]
[Date "2020.10.20"]
[Round "2"]
[White "valeriocarnicelli"]
[Black "rasmussvane"]
[Result "1/2-1/2"]
[WhiteElo "2602"]
[BlackElo "2901"]
[TimeControl "180+1"]
[EndTime "10:19:55 PDT"]
[Termination "Game drawn by repetition"]

1. e4 c6 2. d4 d5 3. e5 Bf5 4. Nf3 e6 5. Be2 Ne7 6. O-O Ng6 7. a4 Nd7 8. Nbd2 Nf4 9. a5 Be7 10. c3 O-O 11. Re1 Nxe2+ 12. Qxe2 c5 13. h3 Rc8 14. Nb3 Qc7 15. Be3 a6 16. Nxc5 Nxc5 17.
dxc5 Bxc5 18. Bxc5 Qxc5 19. Nd4 Bg6 20. Qd2 Qe7 21.
Re3 Rc5 22. f4 Be4 23. Kh2 Rb8 24. Rf1 Rxa5 25. Rg3 Rc5 26. f5 exf5 27. Nxf5 Bxf5 28. Rxf5 Rc6 29. Qxd5 Re6 30. Rgf3 Rf8 31. b4 g6 32. Rf6 Re8 33. Rxf7 Qxf7 34. Rxf7 Kxf7 35. Qxb7+ R8e7 36. Qd5 Kg7 37. Qa2 Rc6 38. c4 Rxe5 39. Qa1 Kf6 40. b5 axb5 41. cxb5 Re6 42. Qb2 Kf7 43. b6 Re2 44.
Qb3 Re3 45. Qb5 R3e5 46. Qc4 Re4 47. Qa2 Re2 48. Qa7+ Re7 49. b7 h5 50. b8=Q Rxa7 51. Qxa7+ Re7 52. Qd4 Re6 53. h4 Rf6 54. Kg3 Rf5 55.
Kh3 Kg8 56. Qd6 Kf7 57. Qd7+ Kf8 58. Qc6 Kf7 59. Qd6 Kg7 60. Qe6 Rf6 61. Qe8 Rf5 62. Qe7+ Rf7 63. Qe8 Rf5 64. g4 Rf3+ 65. Kg2 hxg4 66.
Qd7+ Kh6 67. Qxg4 Rf5 68. Kg3 Kg7 69. Kh3 Kh6 70. Qe4 Kg7 71. Kg4 Kg8 72. Qe6+ Kg7 73. Qe7+ Kg8 74. Qe8+ Kg7 75. Qd7+ Kg8 76. Qe6+ Kg7 77.
Qc6 Rh5 78. Qe8 Rf5 79. Qe7+ Kg8 80. Qe6+ 1/2-1/2

[Event "*** Titled Tuesday Blitz"]
[Site "Chess.com"]
[Date "2020.10.20"]
[Round "2"]
[White "asms9699"]
[Black "LyonBeast"]
[Result "0-1"]
[WhiteElo "2615"]
[BlackElo "3026"]
[TimeControl "180+1"]
[EndTime "10:19:56 PDT"]
[Termination "LyonBeast won on time"]

1. c4 c6 2. g3 d5 3. Bg2 Nf6 4. Nf3 Bf5 5. cxd5 cxd5 6. Qb3 Bc8 7. O-O e6 8. Nc3 Nc6 9. d3 Be7 10. Bf4 O-O 11. Rac1 Qb6 12. Qxb6 axb6 13. a3 Bd7 14. Ne5 Rfc8 15. Nxd7 Nxd7 16. Nb5 g5 17. Bd2 Nc5 18. Rc2 h6 19. b4 Nd7 20. Rfc1 Kf8 21. h4 Ke8 22. hxg5 hxg5 23. Be3 Kd8 24. Nd4 Rxa3 25. Nxc6+ bxc6 26. Rxc6 Rxc6 27. Rxc6 b5 28. Bb6+ Nxb6 29. Rxb6 Ra2 30. Bf3 Bxb4 31. Rxb5 Bd6 32. Kg2 f5 33. g4 f4 34. Rb7 Bc7 35. Rb1 Kd7 36. Rh1 Bd8 37. Rh7+ Kd6 38. Rg7 Bf6 39. Rf7 Bd4 40. Rh7 Ra8 41. Rh6 Rg8 42. Rh1 Rg6 43. Rh5 e5 44. Rh1 Re6 45. Rd1 Re8 46. Kf1 Bc5 47. Bg2 Kc6 48. Rc1 Kd6 49. Rb1 e4 50. dxe4 dxe4 51.
Rd1+ Ke5 52. Rc1 Bd6 53. Rc4 Kd5 54. Ra4 Bc5 55. Ke1 Bd4 56. e3 fxe3 57. fxe3 Bxe3 58. Ke2 Bd4 59. Ra5+ Bc5 60. Ra4 Bb6 61. Rb4 Bd4 62. Rb5+ Bc5 63. Ra5 Kc4 64. Ra4+ Bb4 65. Ra1 e3 66.
Rc1+ Kd4 67. Rf1 Bd2 68. Rf5 Rg8 69. Rd5+ Kc4 70. Rf5 Rg7 71. Bd5+ Kd4 72. Bf3 Kc4 73. Bd5+ Kc3 74. Bf3 Rh7 75. Kf1 Rh2 76. Be2 Rh1+ 77. Kg2 Rh8 78. Kf3 Rh2 79. Rc5+ Kd4 80. Rc4+ Kd5 81. Bd3 Rf2+ 82. Kg3 e2 83. Bxe2 Rxe2 84. Ra4 Bf4+ 85. Kf3 Re3+ 86. Kf2 Rc3 0-1

[Event "*** Titled Tuesday Blitz"]
[Site "Chess.com"]
[Date "2020.10.20"]
[Round "2"]
[White "aisha_zakirova"]
[Black "Manukyan_Artak"]
[Result "0-1"]
[WhiteElo "2151"]
[BlackElo "2408"]
[TimeControl "180+1"]
[EndTime "10:20:05 PDT"]
[Termination "Manukyan_Artak won on time"]

1. d4 Nf6 2. c4 e6 3. Nf3 b6 4. g3 Bb7 5. Bg2 c5 6. d5 exd5 7. Nh4 g6 8. O-O Bg7 9. Nc3 O-O 10.
cxd5 d6 11. Bg5 h6 12. Bxf6 Bxf6 13. Nf3 Re8 14. Nd2 Na6 15. Nde4 Be7 16. a3 Nc7 17.
Nd2 b5 18. b4 c4 19. a4 a6 20. e4 Bf6 21. Qc2 Qe7 22. f4 Bd4+ 23. Kh1 Qf6 24. Rf3 Qg7 25. f5 g5 26. Raf1 f6 27. g4 Kf7 28. Ne2 Rh8 29. Nxd4 h5 30. Ne6 Nxe6 31.
fxe6+ Ke7 32. gxh5 Rxh5 33. e5 dxe5 34. d6+ Kxd6 35. Rxf6 Bxg2+ 36. Kxg2 Qh8 37. Ne4+ Kc6 38. Kg1 Rh4 39. e7+ Kb7 40. Rf8 Rg4+ 41. Kh1 Qh3 42.
Qf2 Rf4 43. Rxf4 gxf4 44. Qg2 Qxg2+ 45. Kxg2 Kc6 46. Kf2 Re8 47. Nf6 Rxe7 48. Rg1 e4 49.
Rg6 e3+ 50. Ke2 Kb7 51. Nd5 Rh7 52. Nxf4 Rxh2+ 53. Kxe3 bxa4 54. Rg7+ Kb6 55. Nd5+ Kc6 56. Nc3 a3 57. Kd4 a2 58. Nxa2 Rxa2 59. Kxc4 Rc2+ 60.
Kb3 Rh2 61. Rg6+ Kb7 62. Rg7+ Kb6 63. Rg6+ Kb7 64. Rg7+ Kc8 65. Rg6 Rh3+ 66. Ka4 Kb7 67. Rg7+ Kc6 68. Rg6+ Kb7 69. Rg7+ Kc8 70. Rg6 Rh1 71.
Rg8+ Kb7 72. Rg7+ Kc6 73. Rg8 Ra1+ 74. Kb3 Rh1 75. Rg7 Kd5 76. Rg6 Rh3+ 0-1

[Event "*** Titled Tuesday Blitz"]
[Site "Chess.com"]
[Date "2020.10.20"]
[Round "2"]
[White "Sacbutt"]
[Black "SCIM"]
[Result "0-1"]
[WhiteElo "2290"]
[BlackElo "2485"]
[TimeControl "180+1"]
[EndTime "10:20:22 PDT"]
[Termination "SCIM won on time"]

1. e4 c5 2. Nf3 e6 3. d4 cxd4 4. c3 Nf6 5. e5 Nd5 6. cxd4 d6 7. Nc3 Nxc3 8. bxc3 Qc7 9. Bd2 Bd7 10. Bd3 Bc6 11.
O-O Nd7 12. exd6 Bxd6 13. h3 O-O 14. Rc1 h6 15. Re1 Rfe8 16. c4 Nf6 17. Qb3 Bxf3 18. gxf3 Bf4 19. Bxf4 Qxf4 20. Rcd1 b6 21. Be4 Rad8 22.
Qe3 Qc7 23. c5 Nd5 24. Bxd5 Rxd5 25. cxb6 Qxb6 26. Re2 Red8 27. Red2 e5 28. Qb3 Qg6+ 29. Kh2 exd4 30. Qa4 Qd6+ 31. Kg2 Rg5+ 32. Kf1 Qh2 33. Rxd4 Rg1+ 34. Ke2 Rxd1 35. Rxd1 Qe5+ 36. Kf1 Re8 37. Qc2 Qe6 38. Qd2 Qxh3+ 39. Kg1 Qe6 40. Kf1 Qa6+ 41. Kg2 Qg6+ 42. Kf1 Kh7 43. Qd3 Re6 44. Qxg6+ Kxg6 45. Rd7 Ra6 46. Rd2 f5 47. Kg2 Kg5 48. Kg3 Ra4 49.
Rb2 h5 50. Rc2 h4+ 51. Kh3 Ra3 52. Kg2 g6 53. Rb2 a5 54. Rc2 h3+ 55. Kxh3 Rxf3+ 56. Kg2 Ra3 57. Rb2 Kg4 58. Rc2 g5 59. Rc4+ f4 60.
Rc2 a4 61. Rd2 Rc3 62. Rd4 a3 63. Ra4 Kh5 64. Rb4 Kh4 65. Ra4 Kh5 66. Kg1 f3 67.
Kh2 Rc2 68. Rxa3 Rxf2+ 69. Kg3 Rb2 70. Kxf3 Kh4 71. Ra8 g4+ 72. Kf4 Rf2+ 73. Ke3 Kg3 74. a4 Rf3+ 75. Ke2 Ra3 76. a5 Kg2 77. a6 g3 78. a7 Ra6 79. Ke1 Kg1 80. Ke2 g2 81. Kd2 Rd6+ 82. Ke2 Rd7 83. Ke3 Re7+ 84. Kf3 Rf7+ 85.
Ke4 Kf1 86. Rg8 Rxa7 87. Rf8+ Kg1 88. Ke3 Rh7 89. Ke2 Kh1 0-1

[Event "*** Titled Tuesday Blitz"]
[Site "Chess.com"]
[Date "2020.10.20"]
[Round "2"]
[White "ChessQueen"]
[Black "PriSachu"]
[Result "1-0"]
[WhiteElo "2705"]
[BlackElo "2438"]
[TimeControl "180+1"]
[EndTime "10:20:28 PDT"]
[Termination "ChessQueen won by resignation"]

1. e4 e5 2. Nf3 Nc6 3. Bb5 a6 4. Ba4 Nf6 5. O-O Bc5 6. c3 O-O 7. d4 Ba7 8. Bc2 d6 9. h3 h6 10. Be3 Re8 11. Nbd2 b5 12. a4 Bb7 13. d5 Ne7 14.
Bxa7 Rxa7 15. axb5 Ng6 16. bxa6 Rxa6 17. Rxa6 Bxa6 18.
Re1 Nh5 19. Nf1 Bxf1 20. Rxf1 Nhf4 21. Kh2 Qb8 22. b4 Qb6 23. g3 Nh5 24. Nd2 Nf6 25. Nc4 Qb5 26. Na5 Ra8 27. Qd3 Qb6 28.
Qe3 Qb5 29. Rb1 Nh7 30. c4 Qd7 31. h4 Nf6 32. Qf3 Ng4+ 33. Kg2 Rf8 34. Qf5 Qxf5 35.
exf5 Ne7 36. Be4 Nf6 37. f3 g6 38. fxg6 fxg6 39. Rd1 Rb8 40. Rb1 Kg7 41. Kf2 Nf5 42. Bxf5 gxf5 43. Nc6 Ra8 44. Rb2 Ra3 45. b5 e4 46. Nd4 exf3 47. Nxf3 Ne4+ 48. Kg2 Kf6 49. b6 cxb6 50. Rxb6 Ra2+ 51. Kg1 Rc2 52. Nd4 Rxc4 53. Ne6 Rc1+ 54. Kg2 Rc2+ 55. Kf3 Rf2+ 56. Ke3 Rg2 57. Nf4 Rxg3+ 58. Ke2 Ke5 59. Nd3+ Kxd5 60. Rb5+ Ke6 61. Nf4+ Kf6 62. Nh5+ Kg6 63. Nxg3 Nxg3+ 64. Kf3 Ne4 65. Rb8 Nf6 66. Kg3 Nh5+ 67. Kf3 Nf6 68. Rb6 d5 69. Rd6 d4 70. Kf4 d3 71. Rxd3 Ng4 72. Rd6+ Kh5 73. Kg3 f4+ 74. Kh3 Nf2+ 75. Kg2 Ng4 76. Kh3 Nf2+ 77. Kg2 Ng4 78. Kf3 Kxh4 79. Kxf4 h5 80. Rd1 Kh3 81. Kf3 Nh2+ 82. Kf2 Ng4+ 83. Kf3 Nh2+ 84.
Kf4 Ng4 85. Rd2 h4 86. Rc2 Nh2 87. Rd2 Ng4 88. Rd3+ Kg2 89. Kxg4 h3 90. Rxh3 1-0

[Event "*** Titled Tuesday Blitz"]
[Site "Chess.com"]
[Date "2020.10.20"]
[Round "2"]
[White "nrvisakh"]
[Black "ShahMatKanal"]
[Result "1-0"]
[WhiteElo "2726"]
[BlackElo "2461"]
[TimeControl "180+1"]
[EndTime "10:20:33 PDT"]
[Termination "nrvisakh won by resignation"]

1. e4 c6 2. d4 d5 3. exd5 cxd5 4. Bd3 Nc6 5. c3 Qc7 6. Nf3 Bg4 7. O-O e6 8. Re1 Bd6 9. h3 Bh5 10. Nbd2 Nge7 11.
Nf1 Bg6 12. Nh4 Bxd3 13. Qxd3 O-O 14. Bg5 Ng6 15. Nxg6 hxg6 16. Re2 Bf4 17. Bxf4 Qxf4 18. Rae1 Na5 19. Re3 Nc4 20. Rf3 Qd6 21. b3 Nb6 22. h4 Nd7 23. Rh3 Nf6 24. Ng3 Rac8 25. h5 gxh5 26. Nxh5 Nxh5 27. Rxh5 g6 28. Rhe5 Rc6 29. c4 dxc4 30. bxc4 Qb4 31. d5 Qxc4 32. Qxc4 Rxc4 33. dxe6 fxe6 34. Rxe6 Kg7 35. Rd1 Rcf4 36. f3 R4f6 37. Re7+ R8f7 38. Rdd7 Rxe7 39. Rxe7+ Rf7 40. Re6 Rf6 41. Re7+ Rf7 42. Re8 Rf8 43. Re4 Kf6 44. Kf2 Rc8 45. a4 Rc2+ 46. Kg3 b6 47. Kh3 Rb2 48.
g3 a5 49. Rc4 Rb4 50. Rc6+ Kf7 51. f4 Rxa4 52. Rxb6 Rc4 53. Ra6 Rc5 54. Kg4 Rb5 55. Kh4 Rc5 56. Ra7+ Kf6 57. Ra8 Kf7 58. Kh3 Rb5 59.
Ra7+ Kf6 60. Ra6+ Kf7 61. Kg2 Kg7 62. Kf3 Kf7 63. g4 Rb3+ 64. Kg2 Rb2+ 65. Kg3 Rb3+ 66. Kh4 Rb5 67. Ra7+ Kf6 68. g5+ Kf5 69. Rf7+ Ke4 70. Kg4 Rb1 71. Re7+ Kd5 72. Re5+ Kd4 73. Rxa5 Rg1+ 74.
Kf3 Rf1+ 75. Kg3 Rg1+ 76. Kf2 Rb1 77. Re5 Rb2+ 78. Kf3 Rb3+ 79. Kg4 Rb6 80. Re1 Kd3 81. f5 Rb4+ 82. Kf3 gxf5 83. Rd1+ Kc2 84. Rg1 Rb3+ 85. Kf4 Rb5 86. g6 Rb8 87. g7 Rg8 88. Kxf5 Kd3 89.
Kf6 Ke4 90. Kf7 1-0